 Dungeon Crawl Stone Soup version 0.18-a0-1323-g706dcef (webtiles) character file.

155 M4edhros the Sneak (level 5, -1/33 HPs)
             Began as an Octopode Artificer on Feb 15, 2016.
             Slain by a worker ant (4 damage)
             ... on level 4 of the Dungeon.
             The game lasted 00:07:38 (2114 turns).

M4edhros the Sneak (Octopode Artificer)             Turns: 2114, Time: 00:07:38

Health: -1/33      AC:  1    Str: 16    XL:     5   Next: 37%
Magic:  7/7        EV: 12    Int: 16    God:
Gold:   155        SH:  0    Dex: 12    Spells: 0 memorised, 4 levels left

rFire  . . .     SeeInvis .     p - +0 quarterstaff
rCold  . . .     Gourm    .     (shield currently unavailable)
rNeg   . . .     Faith    .     (helmet restricted)
rPois  .         Spirit   .     (no amulet)
rElec  .         Dismiss  .     h - +6 ring of strength
rCorr  .         Reflect  .     (no ring)
SustAt .         Harm     .     (no ring)
MR     .....                    (no ring)
Stlth  +++++.....               (no ring)
                                (no ring)
                                (no ring)
                                (no ring)

@: lethally poisoned (-1 -> -12), not resistant to hostile enchantments, quite
stealthy
A: almost no armour, amphibious, 8 rings, constrict 8, camouflage 1, gelatinous
body 1
a: no special abilities


You were on level 4 of the Dungeon.
You were not hungry.

You visited 1 branch of the dungeon, and saw 4 of its levels.

You collected 155 gold pieces.

Inventory:

Hand Weapons
 a - a +0 short sword
 n - a +0 hunting sling
 p - a +0 quarterstaff (weapon)
Missiles
 e - 34 stones (quivered)
Jewellery
 h - a +6 ring of strength (left tentacle)
Wands
 b - a wand of flame (12/48)
 c - a wand of enslavement (9/24)
 d - a wand of random effects (7/48)
Scrolls
 g - a scroll of enchant weapon {unknown}
 i - a scroll of magic mapping {unknown}
 k - 3 scrolls of identify {unknown}
 q - a scroll of blinking {unknown}
 t - a scroll of enchant armour {unknown}
 v - a scroll of amnesia {unknown}
Potions
 o - a potion of haste
 r - a potion of brilliance
 s - 2 potions of cure mutation
 u - a potion of lignification {unknown}
Comestibles
 f - 2 bread rations
 j - 2 meat rations
 l - 4 chunks of flesh
 m - 4 fruits


   Skills:
 - Level 1.0 Fighting
 - Level 1.0 Short Blades
 - Level 2.0 Dodging
 + Level 7.3 Stealth
 - Level 3.2 Evocations


You had 4 spell levels left.
You didn't know any spells.

Dungeon Overview and Level Annotations

Branches:
Dungeon (4/15)
 Temple: D:4-7

Altars:
Cheibriados
Elyvilon
Qazlal
Sif Muna


Innate Abilities, Weirdness & Mutations

You cannot wear most types of armour.
You are amphibious.
You can wear up to eight rings at the same time.
You can use your tentacles to constrict eight enemies at once.
Your skin changes colour to match your surroundings (Stealth).
Your rubbery body absorbs attacks (AC +1).


Message History

Unknown command.
Drink which item? (? for menu, Esc to quit)
Okay, then.
Evoke which item? (* to show all) (? for menu, Esc to quit)
Zapping:
d - a wand of random effects (8/48)
Press: ? - help, Shift-Dir - straight line, f - worker ant
Aim: a worker ant (lightly wounded, constricted by you)
The worker ant flickers and vanishes!
Deactivating autopickup; reactivate with Ctrl-A.
This wand has 7 charges left.
You constrict something.
You feel sick. Something bites you!
* * * LOW HITPOINT WARNING * * *
Evoke which item? (* to show all) (? for menu, Esc to quit)
Zapping:
c - a wand of enslavement (10/24)
Press: ? - help, Shift-Dir - straight line, f - you Nothing appears to happen.
This wand has 9 charges left.
You constrict something.
* * * LOW HITPOINT WARNING * * *
You feel sick. Something bites you.
You die...

#########+####
#............# ######
#.......{....+
.....#####......@.....#
.....'................+
.....#####............#
.....# #............#
.....# ##############
###'## #.# #.#
#.###############


There were no monsters in sight!

Vanquished Creatures
  An orc wizard (D:4)
  Robin (D:3)
  A gnoll (D:1)
  4 adders
  2 worms (D:2)
  A giant gecko (D:3)
  4 orcs
  4 giant cockroaches
  7 goblins
  11 hobgoblins
  6 kobolds
  A quokka (D:3)
  6 bats
  A giant newt (D:2)
  5 rats
  A plant (D:1)
56 creatures vanquished.

Vanquished Creatures (collateral kills)
  A worm (D:2)
  3 goblins
  A hobgoblin (D:2)
  A quokka (D:2)
  A bat (D:2)
  A giant newt (D:4)
8 creatures vanquished.

Vanquished Creatures (others)
  The ghost of Uberwunderbarhen the Insei, a weakling OpTm (D:4)
  2 goblins (D:3)
3 creatures vanquished.

Grand Total: 67 creatures vanquished

Notes
Turn   | Place    | Note
--------------------------------------------------------------
     0 | D:1      | M4edhros the Octopode Artificer began the quest for the Orb.
     0 | D:1      | Reached XP level 1. HP: 13/13 MP: 3/3
    13 | D:1      | Reached XP level 2. HP: 8/18 MP: 4/4
   366 | D:2      | Reached skill level 4 in Stealth
   376 | D:2      | Reached XP level 3. HP: 8/23 MP: 5/5
   781 | D:2      | Reached skill level 5 in Stealth
   784 | D:2      | Found a deep blue altar of Sif Muna.
   814 | D:2      | Found a white marble altar of Elyvilon.
   968 | D:2      | Reached XP level 4. HP: 28/28 MP: 6/6
  1373 | D:3      | Noticed Robin
  1376 | D:3      | Found a stormy altar of Qazlal.
  1391 | D:3      | Reached skill level 6 in Stealth
  1404 | D:3      | Killed Robin
  1428 | D:3      | Found a snail-covered altar of Cheibriados.
  1703 | D:3      | Reached XP level 5. HP: 23/33 MP: 7/7
  1968 | D:4      | Reached skill level 7 in Stealth
  2039 | D:4      | Noticed Uberwunderbarhen's ghost (weakling OpTm)
  2100 | D:4      | Your ally Uberwunderbarhen died
  2114 | D:4      | Slain by a worker ant

Vault maps used:
D:1:      dpeg_arrival_simpleton_b, serial_forest, infiniplex_forest_straight_2,
          infiniplex_forest_lined_3_way, infiniplex_forest_straight_3,
          infiniplex_forest_clump_tiny, infiniplex_forest_end_double,
          infiniplex_forest_lined_corner, infiniplex_forest_lined_3_way,
          infiniplex_forest_clump_long, hex_large, hangedman_feature_mirror,
          item_on_display_a
D:2:      lemuel_doored_altar, led_sif_pool, first_bread
D:3:      amethyst_overflow_temple_binary, grunt_ministairs_13, uniq_robin
D:4:      kennysheep_little_box, ashenzari_conservatory_becter, minivault_14

Action                   |  1- 3 |  4- 6 || total
-------------------------+-------+-------++-------
Melee: Short sword       |    96 |     5 ||   101
       Quarterstaff      |       |    54 ||    54
Evoke: Wand              |     6 |    11 ||    17
  Use: Potion            |     3 |     5 ||     8
 Stab: Sleeping          |     3 |     7 ||    10
  Eat: Chunk             |       |     4 ||     4
